 Dungeon Crawl Stone Soup version 0.26.0-10-g1f06aea511 (webtiles) character file.

Game seed: 10469370485619799345

212 MajorAdolf the Covered (level 5, 0/49 HPs)
             Began as a Naga Wanderer on Jan 16, 2021.
             Was an Initiate of Gozag.
             Slain by an ogre
             ... wielding a +0 giant club
              (26 damage)
             ... on level 4 of the Dungeon.
             The game lasted 00:04:37 (4531 turns).

MajorAdolf the Covered (Naga Wanderer)              Turns: 4531, Time: 00:04:38

Health: 0/49       AC: 10    Str: 15    XL:     5   Next: 90%
Magic:  5/5        EV:  3    Int: 14    God:    Gozag
Gold:   150        SH:  0    Dex:  9    Spells: 4/4 levels left

rFire    . . .     SeeInvis +   a - +2 dagger
rCold    . . .     Faith    .   (no shield)
rNeg     . . .     Spirit   .   u - +0 plate armour
rPois    +         Reflect  .   (no helmet)
rElec    .         Harm     .   k - +1 cloak
rCorr    .         Rampage  .   (no gloves)
Will     .....                  (no barding)
Stlth    ..........             w - amulet of regeneration
HPRegen  0.56/turn              (no ring)
MPRegen  0.09/turn              (no ring)

@: short of breath, very slow
A: large, see invisible, deformed body, poison resistance, slowness 2, spit
poison 1, AC +1
a: Spit Poison, Renounce Religion, Potion Petition, Call Merchant, Bribe Branch


You were on level 4 of the Dungeon.
You worshipped Gozag.
Gozag was aware of your devotion.
You visited 1 branch of the dungeon, and saw 4 of its levels.

You collected 205 gold pieces.
You paid 55 gold pieces to Gozag.

Inventory:

Hand Weapons
 a - a +2 dagger (weapon)
 c - a +0 spear
 i - a +0 short sword of electrocution
 y - a +0 hand axe
Missiles
 p - a throwing net
Armour
 e - a +0 robe
 k - a +1 cloak (worn)
 u - a +0 plate armour (worn)
Jewellery
 w - an amulet of regeneration (around neck)
Scrolls
 f - 2 scrolls of identify
 g - 2 scrolls of remove curse
 j - 5 scrolls of teleportation
 t - 2 scrolls of enchant armour
 v - a scroll of amnesia
 x - a scroll of fog {unknown}
Potions
 b - a potion of heal wounds
 d - 2 potions of curing
 h - 2 potions of haste {unknown}
 l - 3 potions of might {unknown}
 m - a potion of degeneration {unknown}
 n - 2 potions of invisibility {unknown}
 o - a potion of ambrosia {unknown}
 q - a potion of mutation {unknown}
 r - 2 potions of attraction {unknown}
 s - 3 potions of flight {unknown}


   Skills:
 - Level 3.0 Fighting
 * Level 0.0(0.4) Axes
 - Level 1.0 Maces & Flails
 + Level 4.1 Armour
 - Level 3.0 Dodging
 - Level 1.5 Stealth
 - Level 1.0 Shields


You had 4 spell levels left.
You didn't know any spells.
Your spell library was empty.

Dungeon Overview and Level Annotations

Branches:
Dungeon (4/15)
 Temple: D:4-7

Altars:
Gozag
Nemelex Xobeh
The Shining One


Innate Abilities, Weirdness & Mutations

You cannot wear boots.
Your serpentine skin is tough. (AC +1)
You have supernaturally acute eyesight. (SInv)
Armour fits poorly on your strangely shaped body.
Your system is resistant to poisons. (rPois)
You cover ground very slowly.
You can spit poison.


Message History

Aim: an ogre, wielding a +0 giant club (severely wounded)
The splash of poison misses the ogre.
The ogre hits you with a +0 giant club!
Unknown command.
You barely miss the ogre.
The ogre is severely wounded.
The ogre hits you with a +0 giant club!
You hit the ogre.
The ogre is severely wounded.
You hit the ogre.
The ogre is almost dead.
The ogre hits you but does no damage. The ogre barely misses you.
You have got your breath back.
Press: ? - help, Shift-Dir - straight line, f/p - ogre
Aim: an ogre, wielding a +0 giant club (almost dead)
The splash of poison misses the ogre.
The ogre hits you with a +0 giant club!!
Ouch! That really hurt!
You die...
Your body crumbles into a pile of gold.

#. #.... #) ##.###
#. ##.(.## #.
##.....# #.###
#....... #...#
####.### ###.#
#.### #O## #....
#.@###### ##'###
#.....#.# ##...##
#.....#.# ##.....#
#.....#.# ##.......
#....[..###........
#........['........
###....####........
#.#.## ##.......
#...# ##.....#


You could see an ogre.

Vanquished Creatures
  4 orc priests
  A hound skeleton (D:4)
  An adder (D:2)
  A white imp (D:3)
  A worm (D:2)
  2 dart slugs
  7 orcs (D:4)
  2 ball pythons (D:1)
  4 bats
  3 giant cockroaches
  9 goblins
  5 hobgoblins
  8 kobolds
  A quokka (D:3)
  3 frilled lizards
  A quokka skeleton (D:4)
  3 rats
56 creatures vanquished.

Notes
Turn   | Place    | Note
-------+----------+-------------------------------------------
     0 | D:1      | MajorAdolf the Naga Wanderer began the quest for the Orb.
     0 | D:1      | MajorAdolf set off with the following items: a +2 dagger, a
                  | potion of heal wounds, a +0 spear, a potion of curing, a +0
                  | robe
     0 | D:1      | Reached XP level 1. HP: 19/19 MP: 1/1
   178 | D:1      | Reached XP level 2. HP: 9/26 MP: 2/2
   191 | D:1      | HP: 1/26 [giant cockroach (1)]
   765 | D:1      | Reached skill level 2 in Armour
   827 | D:1      | Reached XP level 3. HP: 33/33 MP: 3/3
  1963 | D:2      | Found a glowing golden altar of the Shining One.
  2138 | D:2      | Found a sparkling altar of Nemelex Xobeh.
  2470 | D:3      | Reached XP level 4. HP: 40/40 MP: 4/4
  3501 | D:3      | Reached skill level 3 in Armour
  3618 | D:4      | Reached XP level 5. HP: 41/49 MP: 5/5
  4081 | D:4      | Found an opulent altar of Gozag.
  4166 | D:4      | Became a worshipper of Gozag Ym Sagoz the Greedy
  4333 | D:4      | Reached skill level 4 in Armour
  4519 | D:4      | Noticed an ogre
  4531 | D:4      | Slain by an ogre

Illustrated notes

Levels and vault maps discovered:
D:1:      psy_arrival_whirlpool, layout_basic
D:2:      layout_rooms, nicolae_tso_swordbearing_angel,
          nemelex_xobeh_ov_fountains_minmay
D:3:      layout_basic
D:4:      layout_loops_corners, kennysheep_another_room, nrook_mini_vaults,
          kennysheep_donut, nicolae_gozag_cash_rules_everything_around_me

Skill      XL: |  1  2  3  4  5 |
---------------+----------------+-----
Armour         | 2 3 4 |  4.1
Dodging        | 3 |  3.0
Fighting       | 3 |  3.0
Maces & Flails | |  1.0
Stealth        | |  1.5
Shields        | |  1.0

Action                   |  1- 3 |  4- 6 || total
-------------------------+-------+-------++-------
Melee: Dagger            |   108 |   115 ||   223
 Abil: Spit Poison       |    20 |    13 ||    33
  Use: Potion            |     1 |     1 ||     2
       Scroll            |       |     5 ||     5
 Stab: Sleeping          |     1 |       ||     1
Armor: Robe              |    17 |       ||    17
       Plate armour      |    27 |    71 ||    98
Dodge: Dodged            |    59 |    12 ||    71
